Unix NetHack Version 5.0.0-0 post-release - last build Jun 10 2026 00:39:30 (3ee93aec679c4c4259841fe613dc97188e26a321,branch:main).

Game began 2026-07-07 16:23:24, ended 2026-07-07 16:41:37.

DiePARTEI, neutral male human Tourist

                                                          ---              ---
                                                         |..|             --.--
                                                         |..--        -----...|
                                                         #.[.|       --.--....|
                                                        #-.#)#     ---......--
                                                        |..|.|    --........|
                                                        |.-|.|    |.........--
                                                        |.--.---#---.|..`....|
                                                        #)..)....#----...--..|
                                    -####               -.[`).|.^.[....|.||..|
                                   .....----          -.....----.------|.|----
                                   ..--....|.        |......-  ---     |.|
                                   ..-----..-        |.......------   --.--
                                   ...|  --.------   |............-   |...---
                              o.......--  |......|   |-....--....-.-- |.....|
                              .@...[)..-- ------.-----..|..||-......| |..--.|
                              ......^)..|    ---.......---- |......-- --- |.|
                                   ---..|   --....[-----    --..----      |.---
                                     |..|   |........|       |..|         |..<|
                                     ----   --.|.--..|        ---         --..|
                                             ---------                     ----
DiePARTEI the Sightseer     St:11 Dx:11 Co:17 In:11 Wi:11 Ch:14  Neutral
Dlvl:5  $:0  HP:0(46) Pw:19(19) AC:7  Xp:5 T:1536  Burdened Deaf

Latest messages:
 It is missed.
 It is hit.
 It is missed.
 It is missed.
 It is hit.
 You feel an unseen monster!
 It bites!
 You stop searching.
 You miss it.
 It hits!
 You hit it.
 It bites!
 It hits!
 It hits!
 It bites!
 You hit it.
 You kill it!
 It is missed.
 You are hit!
 You can see again.
 You see here a gecko corpse.
 You are hit by a thonged club!
 The thonged club returns to its hand!
 You have a little trouble lifting A - a gecko corpse.
 What do you want to eat? [cdf-hAG or ?*] A
 This gecko corpse is tough.
 You are hit by a dagger.
 You stop eating the gecko corpse.
 What do you want to eat? [cdf-hAG or ?*] A
 You resume your meal.
 You finish eating the gecko corpse.
 In what direction? 4
 You kick a crossbow bolt.
 You are hit by a thonged club.
 A crude dagger misses you.
 The dog misses it.
 The dog misses it.
 You are almost hit by a thonged club.
 You miss the hill orc.
 The hill orc hits!
 You are hit by a thonged club!
 The hill orc just misses!
 The hill orc swings her thonged club.
 The hill orc hits!
 The hill orc swings her thonged club.
 The hill orc hits!
 You die...
 Do you want your possessions identified? [ynq] (y) y
 Do you want to see your attributes? [ynq] (y) y
 Do you want an account of creatures vanquished? [ynaq] (y) q

Inventory:
 Weapons  (')')
  o - 34 +0 arrows
  q - 6 cursed -1 elven arrows
  C - a blessed +1 dart
  U - 11 blessed +0 darts
  a - 18 +2 darts (at the ready)
  B - 68 +0 darts
  D - 2 poisoned +0 darts
  E - 10 +0 shuriken
  w - a cursed +0 dagger
  F - a +2 aklys
 Armor    ('[')
  p - an uncursed +0 orcish helm (being worn)
  L - an uncursed +0 pair of iron shoes (being worn)
  M - an uncursed +0 dwarvish cloak (being worn)
  k - an uncursed +0 Hawaiian shirt with a plumeria motif (being worn)
 Comestibles  ('%')
  c - an uncursed slime mold
  f - 6 uncursed food rations
  G - an uncursed orange
  d - an uncursed pancake
  h - an uncursed tin of pureed lichen
  g - an uncursed tin of sauteed lichen
 Wands    ('/')
  z - a wand of cold (0:7)
  Y - a wand of magic missile (0:5)
  O - a wand of striking (0:4)
  v - a wand of striking (0:3)
 Tools    ('(')
  s - an uncursed sack containing 12 items
  x - a bag of tricks (0:9)
  m - an uncursed credit card
  l - an expensive camera (0:42)
  N - a +0 pick-axe
  y - an uncursed skeleton key
  X - an uncursed tin opener
  Q - an uncursed tin whistle
 Gems/Stones  ('*')
  P - an uncursed garnet stone
  i - an uncursed opal
  H - an uncursed turquoise stone
  t - an uncursed worthless piece of black glass
  V - a cursed worthless piece of black glass
  W - an uncursed worthless piece of blue glass
  I - 2 uncursed worthless pieces of green glass
  S - an uncursed worthless piece of orange glass
  Z - an uncursed worthless piece of red glass
  r - an uncursed worthless piece of white glass

Contents of the sack:
  191 gold pieces
  a cursed -1 dwarvish iron helm
  an uncursed +0 orcish helm
  3 uncursed eggs
  an uncursed scroll of identify
  2 uncursed scrolls of light
  3 uncursed scrolls of magic mapping
  2 uncursed scrolls of teleportation
  an uncursed potion of booze
  a cursed potion of levitation
  an uncursed potion of oil
  an uncursed potion of sleeping

DiePARTEI the Tourist's attributes:

Background:
 You were a Sightseer, a level 5 male human Tourist.
 You were neutral, nominally on a mission for The Lady
 who was opposed by Blind Io (lawful) and Offler (chaotic).
 You were right-handed.
 You were in the Gnomish Mines, on level 5.
 You entered the dungeon 1536 turns ago.
 You had 246 experience points, 74 more were needed to attain level 6.

Basics:
 You had 0 out of 46 hit points.
 You had all 19 energy points (spell power).
 Your armor class was 7.
 Your wallet was empty, but
 you had 191 zorkmids stashed away in your pack.
 Autopickup was off.

Final Characteristics:
 Your strength was 11 (limit:18/100).
 Your dexterity was 11 (limit:18).
 Your constitution was 17 (limit:18).
 Your intelligence was 11 (limit:18).
 Your wisdom was 11 (limit:18).
 Your charisma was 14 (limit:18).

Final Status:
 You were deaf.
 You weren't hungry.
 You were burdened; movement was slightly slowed.
 You were bare handed.
 You were unskilled in bare handed combat.

Final Attributes:
 You were devoutly aligned.
 Your items were somewhat protected from fire.
 Your items were somewhat protected from cold.
 You were warded.
 You are dead.

Miscellaneous:
 You didn't encounter any bones levels.
 Total elapsed playing time was 18 minutes and 12 seconds.

Major events:
 Turn
    1: DiePARTEI the neutral male human Tourist entered the dungeon
  521: attained the rank of Sightseer (level 3)
  775: entered the Gnomish Mines
 1536: killed by a hill orc

You didn't know any spells.

Skills:
 Fighting Skills
   bare handed combat [Unskilled]
   two weapon combat  [Unskilled]
   riding             [Unskilled]
 Weapon Skills
   dagger             [Unskilled]
   knife              [Unskilled]
   axe                [Unskilled]
   pick-axe           [Unskilled]
   short sword        [Unskilled]
   broadsword         [Unskilled]
   long sword         [Unskilled]
   two-handed sword   [Unskilled]
   saber              [Unskilled]
   mace               [Unskilled]
   morning star       [Unskilled]
   flail              [Unskilled]
   hammer             [Unskilled]
   quarterstaff       [Unskilled]
   polearms           [Unskilled]
   spear              [Unskilled]
   trident            [Unskilled]
   lance              [Unskilled]
   bow                [Unskilled]
   sling              [Unskilled]
   crossbow           [Unskilled]
   dart               [Basic]
   shuriken           [Unskilled]
   boomerang          [Unskilled]
   whip               [Unskilled]
   unicorn horn       [Unskilled]
 Spellcasting Skills
   divination spells  [Unskilled]
   enchantment spells [Unskilled]
   escape spells      [Unskilled]

Voluntary challenges:
 Character rerolling was not enabled.
 You were an atheist.
 You never hit with a wielded weapon.
 You never genocided any monsters.
 You never polymorphed an object.
 You never changed form.
 You used no wishes.
Achievements:
 You attained the rank of Sightseer.
 You entered the Gnomish Mines.

 The Dungeons of Doom: levels 1 to 3
    Level 1:
       A sink.
    Level 2: "minestotheright"
       A fountain, a sink.
       Stairs down to The Gnomish Mines.
    Level 3:
 The Gnomish Mines: levels 3 to 5
    Level 3:
    Level 4:
    Level 5: <- You were here.
       Final resting place for
          you, killed by a hill orc.


Vanquished creatures:
  a gnome ruler
  a yellow light
  4 gnome leaders
  a floating eye
  5 dwarves
  2 hill orcs
  a rothe
  2 iguanas
 an acid blob
  a hobbit
  2 manes
  3 giant rats
 18 gnomes
  2 geckos
  4 jackals
  3 foxes
  2 goblins
  2 grid bugs
  4 lichens
  a kobold zombie
  4 newts
64 creatures vanquished.

No species were genocided or became extinct.

Game over:
                       ----------
                      /          \
                     /    REST    \
                    /      IN      \
                   /     PEACE      \
                  /                  \
                  |    DiePARTEI     |
                  |      191 Au      |
                  | killed by a hill |
                  |       orc        |
                  |                  |
                  |                  |
                  |       2026       |
                 *|     *  *  *      | *
        _________)/\\_//(\/(/\)/\//\/|_)_______

Aloha DiePARTEI the Tourist...

You died in The Gnomish Mines on dungeon level 5 with 1293 points,
and 191 pieces of gold, after 1536 moves.
You were level 5 with a maximum of 46 hit points when you died.

